 Dungeon Crawl Stone Soup version 0.31.0 (webtiles) character file.

Game seed: 599447961082591481

31150 qw the Marksgargoyle (level 13, -10/84 HPs)
             Began as a Gargoyle Hunter on Jan 20, 2024.
             Was a High Priest of Okawaru.
             Killed from afar by an ice dragon (35 damage)
             ... with a blast of cold
             ... on level 3 of the Lair of Beasts.
             The game lasted 00:01:37 (13628 turns).

qw the Marksgargoyle (Gargoyle Hunter)             Turns: 13628, Time: 00:01:37

Health: -10/84     AC: 23    Str: 20    XL:     13   Next: 56%
Magic:  13/20      EV: 17    Int:  9    God:    Okawaru [*****.]
Gold:   1126       SH:  0    Dex: 16    Spells: 12/12 levels left

rFire   . . .        q - +1 longbow (heavy)
rCold   . . .        (shield currently unavailable)
rNeg    + . .        f - +3 leather armour
rPois   inf          n - +2 hat
rElec   +            i - +1 cloak
rCorr   .            g - +1 pair of gloves
SInv    +            (no boots)
Will    .....        (no amulet)
Stlth   +++          d - +4 ring of slaying {mikee}
HPRegen 0.34/turn    l - ring of see invisible
MPRegen 0.17/turn

%: no passive effects
@: heroic, finesse-ful
A: sickness immunity, AC +9, negative energy resistance 1, electricity
resistance, torment resistance 1, petrification resistance, strong 1
a: Renounce Religion, Heroism, Finesse, Duel


You were on level 3 of the Lair of Beasts.
You worshipped Okawaru.
Okawaru was extremely pleased with you.
You visited 3 branches of the dungeon, and saw 14 of its levels.

You collected 1224 gold pieces.
You spent 98 gold pieces at shops.


Innate Abilities, Weirdness & Mutations

You are immune to sickness and miasma.
Your stone body is resilient. (AC +9)
You are immune to poison.
You resist negative energy. (rN+)
You are resistant to electric shocks. (rElec)
You are resistant to unholy torment.
You are immune to petrification.
Your muscles are strong. (Str +4, Int/Dex -1)


   Skills:
 - Level 11.1(16.1) Fighting
 + Level 17.4(22.4) Ranged Weapons
 - Level 4.0(9.0) Armour
 - Level 5.0(10.0) Dodging
 - Level 1.1(6.1) Stealth
 - Level 10.0 Invocations


You had 12 spell levels left.
You didn't know any spells.
Your spell library was empty.

Inventory:

Hand Weapons
 q - a +1 heavy longbow (weapon)
Armour
 b - a +0 ring mail of fire resistance
 f - a +3 leather armour (worn)
 g - a +1 pair of gloves (worn)
 i - a +1 cloak (worn)
 n - a +2 hat (worn)
Jewellery
 d - a +4 ring of slaying (left hand) {mikee}
 l - a ring of see invisible (right hand)
 v - a +6 ring of strength
Wands
 a - a wand of digging (12)
 e - a wand of iceblast (11)
 o - a wand of acid (1)
Scrolls
 t - 4 scrolls of teleportation
Potions
 c - a potion of mutation
 h - a potion of haste
 j - 2 potions of heal wounds
 k - 5 potions of curing
 m - a potion of enlightenment
 p - a potion of might
 u - a potion of magic

Dungeon Overview and Level Annotations

Branches:
Dungeon (10/15)            Temple (1/1) D:7            Lair (3/5) D:10
 Shoals (0/4) Lair:3       Spider (0/4) Lair:3
    Orc: D:9-12

Altars:
Ashenzari
Cheibriados
Dithmenos
Elyvilon
Fedhas
Gozag
Hepliaklqana
Kikubaaqudgha
Makhleb
Nemelex Xobeh
Okawaru
Qazlal
Ru
Sif Muna
Uskayaw
Vehumet
Wu Jian
Xom
Yredelemnul
Zin
The Shining One

Shops:
D:2 (   D:3 *

Annotations:
D:5 2 transporters, qw's ghost, novice GrHu
D:6 3 runed translucent doors, qw's ghost, novice GrHu
D:8 3 runed translucent doors
D:10 exclusion: moth of wrath
Lair:3 exclusion: 2 orb spiders


Message History

Aiming: Corrosive Bolt
Press: ? - help, Q - select action, (/) - cycle Shift-Dir - straight line, f/p - ice dragon The bolt of acid hits the polar bear!
The polar bear seems to be corroded for longer.
The polar bear is severely wounded.
The bolt of acid hits the ice dragon!
The ice dragon seems to be corroded for longer.
The ice dragon is moderately wounded.
The polar bear bites you. The polar bear completely misses you.
The polar bear barely misses you.
13625 ||| ZAPPING wand of acid (2) at 3,1 (ice dragon; floor).
Aiming: Corrosive Bolt
Press: ? - help, Q - select action, (/) - cycle Shift-Dir - straight line, f/p - ice dragon The bolt of acid hits the polar bear!
The polar bear seems to be corroded for longer.
The polar bear is almost dead.
The bolt of acid hits the ice dragon!
The ice dragon is heavily wounded.
The polar bear goes berserk!
13626 ||| INVOKING Finesse.
You can now deal lightning-fast blows.
The polar bear closely misses you.
The polar bear claws you but does no damage.
The polar bear closely misses you. The polar bear bites you.
The polar bear claws you but does no damage.
The polar bear barely misses you.
13627 ||| INVOKING Heroism.
You gain the combat prowess of a mighty hero.
You can no longer enter into single combat with a foe.
Okawaru will no longer gift you throwing weapons.
The polar bear closely misses you. The polar bear completely misses you.
The polar bear claws you.
You shoot an arrow. The arrow hits the polar bear!!
You kill the polar bear!
Okawaru accepts your kill.
You can now enter into single combat with a foe.
Okawaru will now gift you throwing weapons as you gain piety.
The ice dragon breathes frost at you. The blast of cold hits you!!
You die...

####...##.######
#####...%......
#.##...#......P##
#P............
#..............P##
#...........%.
...##............#
##............
###............###
#............ #
##...........#
#######...... #
#...........##
##.....
#####........#####
#..... #.#
#.........##@#
#..... .##
#.......#.#.#%Dh....
#..... ..#
##.........####.#...
#.....
..#####....##### #
#..... .....###...#
###### ###....
...### ##.## ##....#
###...>.. ....# ###
##..#P## ##........
....# ##..####
#......P#. ....#
####...##
##.......#.


You could see an ice dragon (catching breath, corroded) and a polar bear.

Vanquished Creatures
  Gastronok (Lair:2)
  2 hydras
  3 two-headed ogres
  Amaemon (D:9)
  Nergalle (D:10)
  A skyshark (Lair:3)
  10 elephants
  3 black mambas
  An orange demon (D:9)
  6 cane toads
  A kobold demonologist (D:10)
  A rime drake (Lair:3)
  An efreet (D:10)
  5 komodo dragons
  4 polar bears
  A troll (D:10)
  Prince Ribbit (D:6)
  3 blink frogs (Lair:1)
  2 raiju (D:7)
  A slime creature (D:10)
  A snapping turtle (Lair:3)
  Sigmund (D:4)
  2 shadows (D:10)
  4 wyverns
  A water elemental (Lair:3)
  A vampire (D:10)
  46 yaks
  2 basilisks
  2 steam dragons (D:7)
  4 water moccasins
  3 acid dragons (D:10)
  A sky beast (D:6)
  5 orc warriors
  An ice beast (D:7)
  5 black bears
  2 ogres
  9 wolves
  6 centaurs
  A phantom (D:4)
  A kobold brigand (D:7)
  7 bullfrogs
  3 gnoll sergeants
  2 scorpions
  4 wights (D:9)
  7 killer bees
  10 electric eels
  5 jellies
  7 hounds
  2 bombardier beetles
  9 orc priests
  A gnoll bouda (D:6)
  A sleepcap (D:5)
  3 iguanas
  Natasha (D:4)
  14 orc wizards
  7 gnolls
  7 adders
  A white imp (D:8)
  4 dart slugs
  46 orcs
  6 ball pythons
  10 endoplasms
  6 giant cockroaches
  6 goblins
  8 hobgoblins
  8 jackals
  2 quokkas
  5 bats
  3 frilled lizards
  13 kobolds
  8 rats
363 creatures vanquished.

Vanquished Creatures (others)
  An orc (D:7)
1 creature vanquished.

Grand Total: 364 creatures vanquished

Notes
Turn   | Place    | Note
-------+----------+-------------------------------------------
     0 | D:1      | qw the Gargoyle Hunter began the quest for the Orb.
     0 | D:1      | Reached XP level 1. HP: 12/12 MP: 1/1
     0 | D:1      | 0 ||| qw: Version: 0.3-a-132-g3d54051
     0 | D:1      | 0 ||| qw: Game counter: 507
     0 | D:1      | 0 ||| qw: Melee chars always use a shield: true
     0 | D:1      | 0 ||| qw: God list: Okawaru
     0 | D:1      | 0 ||| qw: Allow faded altars: false
     0 | D:1      | 0 ||| qw: Do Orc after clearing Dungeon:15 true
     0 | D:1      | 0 ||| qw: Do second Lair branch before Depths: true
     0 | D:1      | 0 ||| qw: Lair rune preference: random
     0 | D:1      | 0 ||| qw: Goals: Normal
     0 | D:1      | 0 ||| PLANNING D:1-11
    37 | D:1      | Reached XP level 2. HP: 14/17 MP: 2/2
    41 | D:1      | HP: 4/17 [hobgoblin (1)]
    42 | D:1      | HP: 1/17 [kobold/+0 dagger (2)]
   219 | D:1      | Reached XP level 3. HP: 10/21 MP: 3/3
   316 | D:1      | Reached skill level 5 in Ranged Weapons
   438 | D:1      | 438 ||| UPGRADING to +0 pair of gloves.
   443 | D:1      | 443 ||| READING 4 scrolls labelled ZIMMEM RARO.
   443 | D:1      | 443 ||| IDENTIFYING 2 murky cyan potions
   444 | D:1      | 444 ||| READING 3 scrolls of identify.
   444 | D:1      | 444 ||| IDENTIFYING scroll labelled CUJA EDULUU
   445 | D:1      | 445 ||| DROPPING scroll of butterflies.
   446 | D:1      | 446 ||| DROPPING scroll of revelation.
   447 | D:1      | 447 ||| DROPPING 2 potions of lignification.
   569 | D:2      | 569 ||| FLEEEEING.
   579 | D:2      | 579 ||| STAIRDANCE
   605 | D:1      | 605 ||| READING 2 scrolls of identify.
   605 | D:1      | 605 ||| IDENTIFYING scroll labelled LIMUBR JOCEWN
   606 | D:1      | 606 ||| READING scroll of identify.
   606 | D:1      | 606 ||| IDENTIFYING scroll labelled FAF HAINEFICRI
   607 | D:1      | 607 ||| READING scroll labelled UNIR WYOPABB.
   607 | D:1      | 607 ||| BRANDING +0 shortbow.
   608 | D:1      | 608 ||| DROPPING scroll of immolation.
   740 | D:2      | Reached skill level 3 in Fighting
  1007 | D:2      | Found Opticzoe's Weapon Shoppe.
  1167 | D:2      | Reached XP level 4. HP: 28/28 MP: 4/4
  1598 | D:2      | 1598 ||| UPGRADING to +0 ring mail.
  1608 | D:2      | 1608 ||| DROPPING +0 leather armour.
  1609 | D:2      | 1609 ||| UPGRADING to +1 cloak.
  1614 | D:2      | 1614 ||| READING scroll of identify.
  1614 | D:2      | 1614 ||| IDENTIFYING metallic pink potion
  1615 | D:2      | 1615 ||| DROPPING potion of brilliance.
  1668 | D:3      | Reached skill level 1 in Armour
  1685 | D:3      | Found a shadowy altar of Dithmenos.
  1876 | D:3      | Found Dizom's Assorted Antiques.
  1876 | D:3      | Found a broken altar of Ashenzari.
  1880 | D:3      | 1880 ||| BUYING clear potion (23 gold).
  1880 | D:3      | Bought a clear potion for 23 gold pieces
  1880 | D:3      | 1880 ||| BUYING grey potion (23 gold).
  1880 | D:3      | Bought a grey potion for 23 gold pieces
  1880 | D:3      | 1880 ||| SHOPLISTING runed sling (117 gold, have 95).
  1880 | D:3      | 1880 ||| BUYING scroll of identify (52 gold).
  1880 | D:3      | Bought a scroll of identify for 52 gold pieces
  1880 | D:3      | 1880 ||| SHOPLISTING scroll of identify (52 gold, have 43).
  2042 | D:3      | Reached XP level 5. HP: 32/32 MP: 5/5
  2171 | D:3      | 2171 ||| DROPPING scarf of shadows.
  2172 | D:3      | 2172 ||| UPGRADING to +3 leather armour.
  2182 | D:3      | 2182 ||| DROPPING +0 ring mail.
  2183 | D:3      | 2183 ||| UPGRADING to +4 ring of slaying {mikee}.
  2184 | D:3      | 2184 ||| READING scroll of identify.
  2184 | D:3      | 2184 ||| IDENTIFYING bubbling amethyst potion
  2185 | D:3      | 2185 ||| READING scroll labelled BOURRIOKKI.
  2186 | D:3      | 2186 ||| DRINKING 2 grey potions.
  2195 | D:4      | Reached skill level 6 in Ranged Weapons
  2311 | D:4      | 2311 ||| FLEEEEING.
  2352 | D:4      | Noticed a phantom
  2359 | D:4      | Killed a phantom
  2360 | D:4      | Reached XP level 6. HP: 37/39 MP: 6/6
  2600 | D:4      | Noticed Natasha
  2600 | D:4      | Noticed Sigmund
  2603 | D:4      | Killed Sigmund
  2604 | D:4      | Reached skill level 7 in Ranged Weapons
  2604 | D:4      | Reached XP level 7. HP: 44/44 MP: 7/7
  2607 | D:4      | 2607 ||| RETREEEEATING.
  2611 | D:4      | Killed Natasha
  2667 | D:4      | Found a sacrificial altar of Ru.
  2897 | D:4      | 2897 ||| DROPPING scarf of shadows.
  2898 | D:4      | 2898 ||| UPGRADING to ring of see invisible.
  2899 | D:4      | 2899 ||| READING 2 scrolls of identify.
  2899 | D:4      | 2899 ||| IDENTIFYING clear potion
  2900 | D:4      | 2900 ||| READING scroll of identify.
  2900 | D:4      | 2900 ||| IDENTIFYING golden potion
  2901 | D:4      | 2901 ||| READING scroll labelled OVEDEL OPAMA.
  2901 | D:4      | 2901 ||| ENCHANTING +0 pair of gloves.
  2902 | D:4      | 2902 ||| READING scroll labelled CAOQUH GAATECU.
  2903 | D:4      | 2903 ||| DROPPING potion of invisibility.
  2951 | D:5      | Entered Level 5 of the Dungeon
  2990 | D:5      | Found a transporter.
  2992 | D:5      | Found a transporter.
  2998 | D:5      | Noticed qw's ghost (novice GrHu)
  3002 | D:5      | Identified the +1 great mace of Cepnicw {venom, ^Contam
                  | rPois Int+4 Stlth+}
  3146 | D:5      | Reached skill level 8 in Ranged Weapons
  3475 | D:5      | Reached XP level 8. HP: 49/49 MP: 8/8
  3803 | D:5      | 3803 ||| READING scroll labelled WONEFR YRUD.
  3804 | D:5      | 3804 ||| DRINKING 2 fuming clear potions.
  3804 | D:5      | Gained mutation: Your muscles are strong. (Str +4, Int/Dex
                  | -1) [potion of mutation]
  3828 | D:6      | 3828 ||| STAIRDANCE
  3837 | D:6      | 3837 ||| STAIRDANCE
  3843 | D:5      | 3843 ||| FLEEEEING.
  3846 | D:5      | 3846 ||| STAIRDANCE
  3904 | D:6      | 3904 ||| STAIRDANCE
  3907 | D:5      | Reached skill level 9 in Ranged Weapons
  3909 | D:5      | 3909 ||| FLEEEEING.
  3912 | D:5      | 3912 ||| STAIRDANCE
  3941 | D:6      | 3941 ||| STAIRDANCE
  4070 | D:6      | 4070 ||| FLEEEEING.
  4071 | D:6      | 4071 ||| FLEEEEING.
  4072 | D:6      | 4072 ||| FLEEEEING.
  4073 | D:6      | 4073 ||| FLEEEEING.
  4074 | D:6      | 4074 ||| FLEEEEING.
  4075 | D:6      | 4075 ||| FLEEEEING.
  4077 | D:6      | 4077 ||| FLEEEEING.
  4079 | D:6      | 4079 ||| RETREEEEATING.
  4084 | D:6      | Reached skill level 6 in Fighting
  4100 | D:6      | 4100 ||| FLEEEEING.
  4103 | D:6      | HP: 5/51 [orc priest/divine providence (10)]
  4104 | D:6      | 4104 ||| READING scroll of teleportation.
  4105 | D:6      | 4105 ||| DRINKING 2 potions of heal wounds.
  4194 | D:6      | Noticed Prince Ribbit
  4203 | D:6      | Killed Prince Ribbit
  4204 | D:6      | Reached skill level 10 in Ranged Weapons
  4292 | D:6      | Reached XP level 9. HP: 55/55 MP: 9/9
  4324 | D:6      | 4324 ||| RETREEEEATING.
  4337 | D:6      | Reached skill level 3 in Dodging
  4633 | D:6      | 4633 ||| FLEEEEING.
  4909 | D:6      | Found an opulent altar of Gozag.
  5019 | D:6      | Found a runed translucent gate.
  5019 | D:6      | Found a runed translucent gate.
  5019 | D:6      | Found a runed translucent gate.
  5023 | D:6      | Identified the +1 plate armour of Umydomn {Int+4 Dex+3}
  5024 | D:6      | Noticed qw's ghost (novice GrHu)
  5100 | D:6      | Identified the +2 robe of Past Mistakes {SInv}
  5110 | D:6      | 5110 ||| READING scroll labelled LAATTU ESEUGG.
  5140 | D:7      | 5140 ||| STAIRDANCE
  5301 | D:7      | Reached skill level 11 in Ranged Weapons
  5302 | D:7      | 5302 ||| FLEEEEING.
  5488 | D:7      | 5488 ||| FLEEEEING.
  5657 | D:7      | Reached XP level 10. HP: 48/64 MP: 10/10
  5657 | D:7      | 5657 ||| FLEEEEING.
  5658 | D:7      | 5658 ||| FLEEEEING.
  5659 | D:7      | 5659 ||| FLEEEEING.
  5660 | D:7      | 5660 ||| FLEEEEING.
  5661 | D:7      | 5661 ||| FLEEEEING.
  6054 | D:7      | 6054 ||| SWAPPING to +0 longbow.
  6059 | D:7      | 6059 ||| DROPPING +0 heavy shortbow.
  6071 | D:7      | Reached skill level 12 in Ranged Weapons
  6127 | D:7      | Found a sparkling altar of Nemelex Xobeh.
  6137 | D:7      | 6137 ||| FLEEEEING.
  6257 | D:7      | Found a staircase to the Ecumenical Temple.
  6258 | D:7      | 6258 ||| PLANNING TEMPLE
  6260 | D:7      | 6260 ||| UPGRADING to +2 hat.
  6265 | D:7      | 6265 ||| READING 2 scrolls labelled MUIWKE VUINIPEN.
  6266 | D:7      | 6266 ||| DROPPING scroll of fog.
  6272 | Temple   | Entered the Ecumenical Temple
  6273 | Temple   | 6273 ||| PLANNING OKAWARU WORSHIP
  6343 | Temple   | Became a worshipper of Warmaster Okawaru
  6344 | Temple   | 6344 ||| PLANNING D:1-11
  6664 | D:8      | 6664 ||| ZAPPING wand of iceblast (7) at -2,-2 (black bear;
                  | floor).
  6670 | D:8      | 6670 ||| FLEEEEING.
  6790 | D:8      | Found a runed translucent gate.
  6790 | D:8      | Found a runed translucent gate.
  6790 | D:8      | Found a runed translucent gate.
  6790 | D:8      | Noticed a glowing orange brain
  6898 | D:8      | 6898 ||| FLEEEEING.
  7497 | D:8      | Noticed a two-headed ogre
  7498 | D:8      | 7498 ||| DRINKING 2 potions of haste.
  7502 | D:8      | Killed a two-headed ogre
  7502 | D:8      | Reached * piety under Okawaru
  7503 | D:8      | Reached skill level 13 in Ranged Weapons
  7705 | D:9      | Reached skill level 1 in Invocations
  7713 | D:9      | 7713 ||| FLEEEEING.
  7720 | D:9      | 7720 ||| STAIRDANCE
  7846 | D:9      | 7846 ||| RETREEEEATING.
  7847 | D:9      | 7847 ||| RETREEEEATING.
  7848 | D:9      | 7848 ||| RETREEEEATING.
  7850 | D:9      | Reached ** piety under Okawaru
  7857 | D:9      | 7857 ||| FLEEEEING.
  7906 | D:9      | 7906 ||| RETREEEEATING.
  7908 | D:9      | 7908 ||| RETREEEEATING.
  7915 | D:9      | Reached skill level 3 in Invocations
  8018 | D:9      | Noticed a two-headed ogre
  8019 | D:9      | 8019 ||| INVOKING Heroism.
  8026 | D:9      | Killed a two-headed ogre
  8027 | D:9      | Reached skill level 9 in Fighting
  8168 | D:9      | Reached XP level 11. HP: 71/71 MP: 14/14
  8169 | D:9      | Noticed a two-headed ogre
  8170 | D:9      | 8170 ||| INVOKING Heroism.
  8176 | D:9      | Killed a two-headed ogre
  8261 | D:9      | 8261 ||| FLEEEEING.
  8262 | D:9      | 8262 ||| FLEEEEING.
  8263 | D:9      | 8263 ||| FLEEEEING.
  8264 | D:9      | 8264 ||| FLEEEEING.
  8265 | D:9      | 8265 ||| FLEEEEING.
  8309 | D:9      | Reached skill level 3 in Armour
  8380 | D:9      | Noticed Amaemon
  8381 | D:9      | 8381 ||| INVOKING Heroism.
  8392 | D:9      | 8392 ||| RETREEEEATING.
  8393 | D:9      | 8393 ||| RETREEEEATING.
  8394 | D:9      | 8394 ||| RETREEEEATING.
  8395 | D:9      | 8395 ||| RETREEEEATING.
  8396 | D:9      | 8396 ||| RETREEEEATING.
  8401 | D:9      | 8401 ||| ZAPPING wand of acid (9) at 2,-1 (Amaemon; floor).
  8402 | D:9      | 8402 ||| ZAPPING wand of acid (8) at 2,-1 (Amaemon; floor).
  8403 | D:9      | 8403 ||| ZAPPING wand of acid (7) at 2,0 (Amaemon; floor).
  8404 | D:9      | 8404 ||| ZAPPING wand of acid (6) at 2,0 (Amaemon; floor).
  8405 | D:9      | 8405 ||| INVOKING Heroism.
  8409 | D:9      | Killed Amaemon
  8409 | D:9      | Reached *** piety under Okawaru
  8729 | D:9      | 8729 ||| DRINKING 2 fizzy cyan potions.
  8801 | D:10     | Entered Level 10 of the Dungeon
  8954 | D:10     | 8954 ||| READING scroll of brand weapon.
  8954 | D:10     | 8954 ||| BRANDING +0 longbow.
  8963 | D:10     | 8963 ||| INVOKING Heroism.
  8970 | D:10     | Reached skill level 14 in Ranged Weapons
  8979 | D:10     | Reached **** piety under Okawaru
  9032 | D:10     | Noticed a moth of wrath
  9033 | D:10     | 9033 ||| DROPPING ring of wizardry.
  9034 | D:10     | 9034 ||| READING scroll labelled VYCLADEGOC.
  9067 | D:10     | 9067 ||| RETREEEEATING.
  9068 | D:10     | 9068 ||| RETREEEEATING.
  9069 | D:10     | 9069 ||| RETREEEEATING.
  9071 | D:10     | 9071 ||| RETREEEEATING.
  9082 | D:10     | 9082 ||| DRINKING 3 potions of curing.
  9082 | D:10     | 9082 ||| (to cure confusion)
  9083 | D:10     | 9083 ||| RETREEEEATING.
  9130 | D:10     | 9130 ||| FLEEEEING.
  9287 | D:10     | Noticed Nergalle
  9288 | D:10     | 9288 ||| INVOKING Finesse.
  9292 | D:10     | Killed Nergalle
  9318 | D:10     | 9318 ||| FLEEEEING.
  9334 | D:10     | 9334 ||| FLEEEEING.
  9495 | D:10     | Reached skill level 6 in Invocations
  9762 | D:10     | Reached XP level 12. HP: 77/77 MP: 16/16
  9769 | D:10     | 9769 ||| FLEEEEING.
  9779 | D:10     | Reached ***** piety under Okawaru
  9784 | D:10     | Found a staircase to the Lair.
 10074 | D:10     | 10074 ||| PLANNING LAIR
 10125 | Lair:1   | Entered Level 1 of the Lair of Beasts
 10151 | Lair:1   | Reached skill level 15 in Ranged Weapons
 10212 | Lair:1   | 10212 ||| RETREEEEATING.
 10213 | Lair:1   | 10213 ||| RETREEEEATING.
 10214 | Lair:1   | 10214 ||| RETREEEEATING.
 10215 | Lair:1   | 10215 ||| RETREEEEATING.
 10216 | Lair:1   | 10216 ||| RETREEEEATING.
 10396 | Lair:1   | 10396 ||| FLEEEEING.
 10509 | Lair:1   | 10509 ||| RETREEEEATING.
 10510 | Lair:1   | 10510 ||| RETREEEEATING.
 10537 | Lair:1   | 10537 ||| FLEEEEING.
 10546 | Lair:1   | 10546 ||| STAIRDANCE
 10627 | D:10     | 10627 ||| READING scroll of identify.
 10627 | D:10     | 10627 ||| IDENTIFYING green potion
 10628 | D:10     | 10628 ||| READING scroll labelled IHU QIYLIEDEXT.
 10628 | D:10     | 10628 ||| ENCHANTING +0 heavy longbow.
 10997 | Lair:2   | Received a gift from Okawaru
 10998 | Lair:2   | 10998 ||| FLEEEEING.
 11057 | Lair:2   | 11057 ||| RETREEEEATING.
 11058 | Lair:2   | 11058 ||| RETREEEEATING.
 11059 | Lair:2   | 11059 ||| RETREEEEATING.
 11060 | Lair:2   | 11060 ||| RETREEEEATING.
 11061 | Lair:2   | 11061 ||| RETREEEEATING.
 11062 | Lair:2   | 11062 ||| RETREEEEATING.
 11063 | Lair:2   | 11063 ||| RETREEEEATING.
 11064 | Lair:2   | 11064 ||| RETREEEEATING.
 11065 | Lair:2   | 11065 ||| RETREEEEATING.
 11066 | Lair:2   | 11066 ||| RETREEEEATING.
 11068 | Lair:2   | 11068 ||| RETREEEEATING.
 11069 | Lair:2   | 11069 ||| RETREEEEATING.
 11070 | Lair:2   | 11070 ||| RETREEEEATING.
 11071 | Lair:2   | 11071 ||| RETREEEEATING.
 11072 | Lair:2   | 11072 ||| RETREEEEATING.
 11073 | Lair:2   | 11073 ||| RETREEEEATING.
 11074 | Lair:2   | 11074 ||| RETREEEEATING.
 11075 | Lair:2   | 11075 ||| RETREEEEATING.
 11076 | Lair:2   | 11076 ||| RETREEEEATING.
 11077 | Lair:2   | 11077 ||| RETREEEEATING.
 11078 | Lair:2   | 11078 ||| RETREEEEATING.
 11079 | Lair:2   | 11079 ||| RETREEEEATING.
 11082 | Lair:2   | Reached skill level 9 in Invocations
 11084 | Lair:2   | 11084 ||| RETREEEEATING.
 11085 | Lair:2   | 11085 ||| RETREEEEATING.
 11086 | Lair:2   | 11086 ||| RETREEEEATING.
 11087 | Lair:2   | 11087 ||| FLEEEEING.
 11088 | Lair:2   | 11088 ||| FLEEEEING.
 11089 | Lair:2   | 11089 ||| FLEEEEING.
 11090 | Lair:2   | 11090 ||| FLEEEEING.
 11091 | Lair:2   | 11091 ||| FLEEEEING.
 11092 | Lair:2   | 11092 ||| FLEEEEING.
 11093 | Lair:2   | 11093 ||| FLEEEEING.
 11094 | Lair:2   | 11094 ||| STAIRDANCE
 11164 | Lair:2   | Noticed a six-headed hydra
 11165 | Lair:2   | 11165 ||| INVOKING Finesse.
 11177 | Lair:2   | Killed a six-headed hydra
 11210 | Lair:2   | 11210 ||| FLEEEEING.
 11214 | Lair:2   | 11214 ||| STAIRDANCE
 11630 | Lair:2   | Reached skill level 16 in Ranged Weapons
 11656 | Lair:2   | Noticed Gastronok
 11657 | Lair:2   | 11657 ||| INVOKING Finesse.
 11667 | Lair:2   | Killed Gastronok
 11667 | Lair:2   | Received a gift from Okawaru
 11668 | Lair:2   | Reached XP level 13. HP: 58/83 MP: 15/20
 12065 | Lair:2   | 12065 ||| DROPPING ring of positive energy.
 12066 | Lair:2   | 12066 ||| READING 2 scrolls of identify.
 12066 | Lair:2   | 12066 ||| IDENTIFYING cyan potion
 12067 | Lair:2   | 12067 ||| READING scroll of identify.
 12067 | Lair:2   | 12067 ||| IDENTIFYING bubbling grey potion
 12068 | Lair:2   | 12068 ||| DROPPING potion of attraction.
 12069 | Lair:2   | 12069 ||| DROPPING potion of degeneration.
 12092 | Lair:3   | 12092 ||| STAIRDANCE
 12100 | Lair:2   | 12100 ||| FLEEEEING.
 12166 | Lair:3   | 12166 ||| STAIRDANCE
 12168 | Lair:2   | 12168 ||| FLEEEEING.
 12296 | Lair:3   | Found a hole to the Spider Nest.
 12299 | Lair:3   | 12299 ||| READING scroll of identify.
 12299 | Lair:3   | 12299 ||| IDENTIFYING yellow potion
 12693 | Lair:3   | Found a staircase to the Shoals.
 12702 | Lair:3   | Received a gift from Okawaru
 12703 | Lair:3   | 12703 ||| FLEEEEING.
 12864 | Lair:3   | 12864 ||| RETREEEEATING.
 12865 | Lair:3   | 12865 ||| RETREEEEATING.
 12866 | Lair:3   | 12866 ||| RETREEEEATING.
 12867 | Lair:3   | 12867 ||| RETREEEEATING.
 12870 | Lair:3   | 12870 ||| RETREEEEATING.
 12871 | Lair:3   | 12871 ||| RETREEEEATING.
 12872 | Lair:3   | 12872 ||| RETREEEEATING.
 12877 | Lair:3   | 12877 ||| RETREEEEATING.
 12914 | Lair:3   | 12914 ||| RETREEEEATING.
 12915 | Lair:3   | 12915 ||| RETREEEEATING.
 12916 | Lair:3   | 12916 ||| RETREEEEATING.
 12917 | Lair:3   | 12917 ||| RETREEEEATING.
 12918 | Lair:3   | 12918 ||| RETREEEEATING.
 12919 | Lair:3   | 12919 ||| RETREEEEATING.
 12920 | Lair:3   | 12920 ||| RETREEEEATING.
 12922 | Lair:3   | 12922 ||| RETREEEEATING.
 12923 | Lair:3   | 12923 ||| RETREEEEATING.
 12924 | Lair:3   | 12924 ||| RETREEEEATING.
 12925 | Lair:3   | 12925 ||| RETREEEEATING.
 12926 | Lair:3   | 12926 ||| RETREEEEATING.
 12927 | Lair:3   | 12927 ||| RETREEEEATING.
 12928 | Lair:3   | 12928 ||| INVOKING Finesse.
 12929 | Lair:3   | 12929 ||| INVOKING Heroism.
 12933 | Lair:3   | Reached skill level 17 in Ranged Weapons
 13170 | Lair:3   | Noticed an ice dragon
 13174 | Lair:3   | 13174 ||| INVOKING Finesse.
 13194 | Lair:3   | HP: 20/84 [ice dragon (5)]
 13195 | Lair:3   | 13195 ||| READING 5 scrolls of teleportation.
 13195 | Lair:3   | HP: 1/84 [ice dragon/blast of cold (14)]
 13196 | Lair:3   | 13196 ||| DRINKING 4 potions of heal wounds.
 13197 | Lair:3   | 13197 ||| DRINKING 3 potions of heal wounds.
 13622 | Lair:3   | 13622 ||| ZAPPING wand of acid (5) at 5,1 (ice dragon;
                  | floor).
 13623 | Lair:3   | 13623 ||| ZAPPING wand of acid (4) at 4,1 (ice dragon;
                  | floor).
 13624 | Lair:3   | 13624 ||| ZAPPING wand of acid (3) at 4,1 (ice dragon;
                  | floor).
 13625 | Lair:3   | 13625 ||| ZAPPING wand of acid (2) at 3,1 (ice dragon;
                  | floor).
 13626 | Lair:3   | 13626 ||| INVOKING Finesse.
 13627 | Lair:3   | 13627 ||| INVOKING Heroism.
 13628 | Lair:3   | Killed from afar by an ice dragon

Levels and vault maps discovered:
D:1:      lightli_arrival_maybe_door_vault, layout_rooms
D:2:      layout_basic, serial_shops, nicolae_shop_window_shopping
D:3:      layout_basic, lemuel_crystal_altar, mainiacjoe_overflow_cross_hatched,
          serial_shops, shop
D:4:      layout_loops_ring, nicolae_ru_path_of_blood, uniq_natasha,
          uniq_sigmund
D:5:      layout_basic, gammafunk_ghost_smash, nicolae_eternal_life
D:6:      layout_loops_ring, marbit_many_paths, biasface_ghost_orc_armoury,
          nrook_pool_corridor, billiards_dpeg, uniq_prince_ribbit1
D:7:      layout_loops_ring, nemelex_dance_club_becter, temple_green,
          st_stairs_6, nicolae_have_a_lightning_rod
D:8:      layout_layer_cave, ploomutoo_gammafunk_ghost_potion_laboratory
D:9:      layout_loops_ring, uniq_amaemon
D:10:     minmay_polygon_palace, layout_loops_ring, tgw_trog, erik_lair_island,
          chequers_serial_rivers_small_3, uniq_nergalle
Temple:   minmay_temple_bridge_d
Lair:1:   layout_chaotic_city, grunt_megastairs_2, infiniplex_staircase_pool_2,
          serial_bayou_shore_a, lemuel_fruit_tree, lemuel_fruit_fields
Lair:2:   layout_regular_city, uniq_gastronok
Lair:3:   layout_cave_pods, minmay_shoals_entry_hut,
          nicolae_spider_entry_orb_guardian,
          portal_ice_cave_entry_animals_and_master, minivault_23,
          infiniplex_staircase_pool, grunt_megastairs_3, serial_bayou_shore_b

Skill      XL: |  1  2  3  4  5  6  7  8  9 10 11 12 13 |
---------------+----------------------------------------+-----
Ranged Weapons | 5 6 7 8 10 11 13 14 16 17 | 17.4
Fighting       | 3 4 5 6 8 9 10 11 | 11.1
Armour         | 1 2 3 4 |  4.0
Dodging        | 2 3 4 5 |  5.0
Invocations    | 4 6 10 | 10.0
Stealth        | |  1.1

Action                     |  1- 3 |  4- 6 |  7- 9 | 10-12 | 13-15 || total
---------------------------+-------+-------+-------+-------+-------++-------
   Fire: Shortbow          |   137 |   113 |   253 |     1 |       ||   504
         Longbow           |       |       |       |   446 |   155 ||   601
 Invoke: Heroism           |       |       |       |     5 |     2 ||     7
         Finesse           |       |       |       |     3 |     3 ||     6
  Evoke: Wand              |       |       |       |     5 |     4 ||     9
    Use: Scroll            |     5 |     3 |     7 |     5 |     4 ||    24
         Potion            |       |     1 |     2 |     3 |     2 ||     8
 Armour: Leather armour    |    76 |    12 |   124 |   184 |    73 ||   469
         Ring mail         |       |    43 |       |       |       ||    43
  Dodge: Dodged            |    67 |    61 |   117 |   169 |    55 ||   469

Table legend:
 A = Non-vault XP
 B = Vault XP
 C = Vault XP percentage of total XP
 D = Non-vault monster count
 E = Vault monster count
 F = Vault count percentage of total count
                 A         B        C        D         E       F
            +---------+---------+-------+---------+---------+-------
      Total |   32413 |   12398 |  27.7 |     304 |      59 |  16.3
            +---------+---------+-------+---------+---------+-------
        D:1 |      51 |       0 |   0.0 |      29 |       0 |   0.0
        D:2 |      34 |       0 |   0.0 |      18 |       0 |   0.0
        D:3 |     120 |       0 |   0.0 |      24 |       0 |   0.0
        D:4 |     297 |     266 |  47.2 |      18 |       2 |  10.0
        D:5 |     687 |       0 |   0.0 |      32 |       0 |   0.0
        D:6 |    1236 |     578 |  31.9 |      31 |       6 |  16.2
        D:7 |    1009 |     859 |  46.0 |      16 |       9 |  36.0
        D:8 |    1730 |       0 |   0.0 |      17 |       0 |   0.0
        D:9 |    3671 |    1200 |  24.6 |      27 |       2 |   6.9
       D:10 |    3274 |    4339 |  57.0 |      23 |      23 |  50.0
     Lair:1 |    4668 |    1396 |  23.0 |      20 |       6 |  23.1
     Lair:2 |    5747 |    1518 |  20.9 |      15 |       1 |   6.2
     Lair:3 |    9889 |    2242 |  18.5 |      34 |      10 |  22.7
            +---------+---------+-------+---------+---------+-------
